 Dungeon Crawl Stone Soup version 0.23-a0-644-gb60d84b (webtiles) character file.

43 Borgoz the Sneak (level 3, -6/24 HPs)
             Began as a Halfling Assassin on Jan 2, 2019.
             Killed from afar by an orc wizard (10 damage)
             ... with a magic dart
             ... on level 2 of the Dungeon.
             The game lasted 00:02:31 (1454 turns).

Borgoz the Sneak (Halfling Assassin)                Turns: 1454, Time: 00:02:32

Health: -6/24      AC:  3    Str: 13    XL:     3   Next: 82%
Magic:  3/3        EV: 14    Int:  9    God:
Gold:   53         SH:  0    Dex: 15    Spells: 2/2 levels left

rFire    . . .     SeeInvis .   a - +2 dagger
rCold    . . .     Gourm    .   (shield restricted)
rNeg     . . .     Faith    .   c - +0 robe
rPois    .         Spirit   .   (no helmet)
rElec    .         Reflect  .   d - +0 cloak
rCorr    .         Harm     .   (no gloves)
MR       .....                  (no boots)
Stlth    +++.......             (no amulet)
HPRegen  0.08/turn              (no ring)
MPRegen  0.08/turn              (no ring)

@: hasted, very quick
A: small, mutation resistance 1
a: no special abilities


You were on level 2 of the Dungeon.
You were not hungry.

You visited 1 branch of the dungeon, and saw 3 of its levels.

You collected 53 gold pieces.

Inventory:

Hand Weapons
 a - a +2 dagger (weapon)
 b - a +0 blowgun
Missiles
 e - 7 poisoned needles
 f - 2 curare-tipped needles
Armour
 c - a +0 robe (worn)
 d - a +0 cloak (worn)
Potions
 j - 2 potions of mutation
 k - a potion of agility {unknown}
Comestibles
 g - 2 rations
 o - 4 chunks of flesh


   Skills:
 * Level 2.2 Fighting
 + Level 2.8 Short Blades
 + Level 2.1 Throwing
 * Level 1.6 Dodging
 + Level 5.2 Stealth


You had 2 spell levels left.
You didn't know any spells.
Your spell library was empty.

Dungeon Overview and Level Annotations

Branches:
Dungeon (3/15)

Altars:
Vehumet


Innate Abilities, Weirdness & Mutations

You are small and have problems with some larger weapons.
You are somewhat resistant to further mutation.


Message History

You hit something but do no damage. You closely miss something.
Something hits you but does no damage.
You hit something. You closely miss something. Something hits you.
You closely miss something. Something hits you.
You miss something. You miss something. Something hits you.
* * * LOW HITPOINT WARNING * * *
You hit something but do no damage. You closely miss something.
You completely miss the orc. You hit the orc.
The orc is severely wounded.
Something hits you.
* * * LOW HITPOINT WARNING * * *
The orc misses you.
You miss something.
A magic dart appears from out of thin air!
The magic dart hits you!
You die...

#..............÷†.....#
#.#.....#####..########
######.#...........†...#
#.....)...#............#
#..[......#............#
#.....)...#.............#
#.........#.............#
#.........#.#...........#
#.........#.#.@#.####....
#.........#....#
#.........###{##.#
#..?......).oo...#
........###.###.##.....
............# #.# ##..
............. #.#
##............###
#............#


You could see 2 orcs.

Vanquished Creatures
  2 dart slugs (D:1)
  2 orcs (D:2)
  2 ball pythons
  A giant cockroach (D:1)
  5 goblins (D:1)
  5 hobgoblins
  4 jackals
  5 kobolds
  3 bats
  A frilled lizard (D:2)
  4 rats
34 creatures vanquished.

Vanquished Creatures (others)
  A leopard gecko (D:2)
1 creature vanquished.

Grand Total: 35 creatures vanquished

Notes
Turn   | Place    | Note
-------+----------+-------------------------------------------
     0 | D:1      | Borgoz the Halfling Assassin began the quest for the Orb.
     0 | D:1      | Reached XP level 1. HP: 14/14 MP: 1/1
   193 | D:1      | Reached XP level 2. HP: 19/19 MP: 2/2
   689 | D:1      | Reached skill level 5 in Stealth
   856 | D:1      | Reached XP level 3. HP: 24/24 MP: 3/3
  1191 | D:2      | Found a radiant altar of Vehumet.
  1454 | D:2      | Killed from afar by an orc wizard

Vault maps used:
D:1:      sevenhm_arrival_forest_fort_small_5, due_unseen_surprise
D:2:      cheibrodos_pilgrimage, chequers_temple_overflow_minitemple,
          fiery_altar_vehumet, grunt_ministairs_8, minmay_misc_feat_ornament,
          uniq_crazy_yiuf_cottage
D:3:      minmay_misc_feat_cross

Skill      XL: |  1  2 |
---------------+-------+-----
Fighting       | 2 |  2.2
Stealth        | 5 |  5.2
Short Blades   | |  2.8
Throwing       | |  2.1
Dodging        | |  1.6

Action                   || total
-------------------------++-------
Melee: Dagger            ||   130
 Fire: Blowgun           ||     1
  Use: Scroll            ||     3
       Potion            ||     2
 Stab: Sleeping          ||     6
  Eat: Chunk             ||     2
Armor: Robe              ||    16
Dodge: Dodged            ||    65

Table legend:
 A = Non-vault XP
 B = Vault XP
 C = Vault XP percentage of total XP
 D = Non-vault monster count
 E = Vault monster count
 F = Vault count percentage of total count
                 A         B        C        D         E       F
            +---------+---------+-------+---------+---------+-------
      Total |      59 |       3 |   4.8 |      32 |       2 |   5.9
            +---------+---------+-------+---------+---------+-------
        D:1 |      37 |       0 |   0.0 |      21 |       0 |   0.0
        D:2 |      17 |       3 |  15.0 |       8 |       2 |  20.0
        D:3 |       5 |       0 |   0.0 |       3 |       0 |   0.0
            +---------+---------+-------+---------+---------+-------
